 Dungeon Crawl Stone Soup version 0.31-a0-1005-gfbdfbac (webtiles) character file.

Game seed: 1796640993645894431

844 Partyfoot the Trooper (level 7, -5/56 HPs)
             Began as a Demonspawn Fighter on Nov 11, 2023.
             Killed by divine providence
             ... invoked by an orc priest
              (11 damage)
             ... on level 5 of the Dungeon.
             The game lasted 00:10:07 (4288 turns).

Partyfoot the Trooper (Demonspawn Fighter)          Turns: 4288, Time: 00:10:08

Health: -5/56      AC: 12    Str: 19    XL:     7   Next: 68%
Magic:  7/7        EV:  5    Int:  9    God:
Gold:   221        SH: 10    Dex: 12    Spells: 6/6 levels left

rFire   . . .        e - +2 whip (elec)
rCold   . . .        c - +0 buckler
rNeg    . . .        u - +0 plate armour
rPois   .            (helmet restricted)
rElec   .            (no cloak)
rCorr   .            (no gloves)
SInv    .            (no boots)
Will    .....        l - amulet of reflection Stlth
                     (no ring)
HPRegen 0.29/turn    (no ring)
MPRegen 0.10/turn

%: reflection
@: no status effects
A: horns 1, weakness stinger 2
a: no special abilities


You were on level 5 of the Dungeon.
You visited 1 branch of the dungeon, and saw 5 of its levels.

You collected 221 gold pieces.

Inventory:

Hand Weapons
 a - a +0 flail
 e - a +2 whip of electrocution (weapon)
 t - a +0 sling
Missiles
 k - 9 poisoned darts
 r - 32 stones
 s - 3 datura-tipped darts
Armour
 c - a +0 buckler (worn)
 u - a +0 plate armour (worn)
Jewellery
 l - an amulet of reflection (around neck)
 o - an amulet of the acrobat
 z - a ring of resist corrosion
Wands
 j - a wand of flame (31)
Scrolls
 f - a scroll of identify
 h - a scroll of revelation {unknown}
 m - 4 scrolls of teleportation
 p - 2 scrolls of noise {unknown}
 v - a scroll of brand weapon {unknown}
Potions
 b - 4 potions of haste
 d - a potion of might
 g - a potion of heal wounds {unknown}
 i - a potion of enlightenment
 n - 3 potions of curing
 q - a potion of invisibility
 w - a potion of brilliance
 x - a potion of resistance {unknown}


   Skills:
 + Level 5.2 Fighting
 + Level 4.3 Maces & Flails
 + Level 4.7 Armour
 + Level 4.7 Shields


You had 6 spell levels left.
You didn't know any spells.
Your spell library contained the following spells:

 Spells                   Type           Power      Damage    Failure   Level
 Call Canine Familiar     Summ           0%         N/A       100%        3
 Sigil of Binding         Hex            0%         N/A       100%        3
 Dimensional Bullseye     Hex/Tloc       0%         N/A       100%        4
 Leda's Liquefaction      Hex/Erth       0%         N/A       100%        4


Dungeon Overview and Level Annotations

Branches:
Dungeon (5/15)
 Temple: D:4-7

Altars:
Fedhas
Hepliaklqana
Makhleb
Sif Muna
Trog
Wu Jian

Shops:
D:4 =

Annotations:
D:5 Blork the orc


Innate Abilities, Weirdness & Mutations

You have a pair of small horns on your head.
You have a tail ending in a sharp stinger.


Message History

Lightning courses through the white imp!
You kill the white imp!
You hit the orc but do no damage.
Blork the orc points at you and mumbles some strange words.
The puff of frost hits you.
You hit the orc but do no damage.
Blork the orc hits you from afar with a +0 glaive.
You block the orc's attack.
You whack the howler monkey!
Lightning courses through the howler monkey!!
You kill the howler monkey!
Blork the orc hits you from afar with a +0 glaive!
You block the orc's attack.
Blork the orc hits you from afar with a +0 glaive!
You barely miss the orc priest.
Blork the orc screams, "You are the ugliest creature I've ever seen!"
Blork the orc hits you from afar with a +0 glaive.
The orc priest casts a cantrip, but nothing happens.
The orc hits you but does no damage.
You hit the orc priest but do no damage.
You headbutt the orc priest.
The orc priest is lightly wounded.
Blork the orc screams, "You are the ugliest creature I've ever seen!"
You block Blork the orc's attack. You block the orc priest's attack.
The orc hits you with a +0 dagger. x2
You hit the orc priest.
The orc priest is moderately wounded.
Blork the orc hits you but does no damage.
You block Blork the orc's attack. You block the orc priest's attack.
The orc hits you but does no damage. x2
You barely miss the orc priest. You headbutt the orc priest.
The orc priest is heavily wounded.
Blork the orc hits you from afar with a +0 glaive!
You whack the orc priest!
Your tail-slap misses the orc priest.
The orc priest is almost dead.
Blork the orc hits you from afar with a +0 glaive!
* * * LOW HITPOINT WARNING * * *
The orc priest mumbles some strange prayers to Beogh against you.
Beogh smites you!
You die...

#........................#
#........................#
#........................#
#........................#
#......................<.#
##'#############.........#
.......# #.........#
.......# +.........#
##.###### #@o.......#
##.#....# #....oo.......#
...'..).# #....o........#
...#....# #.............#
####....# #.<..........
....##### #............
....# #............ ....#
#............ ....#


You could see Blork the orc (fast), an orc priest and 2 orcs.

Vanquished Creatures
  Sigmund (D:5)
  A water moccasin (D:3)
  2 scorpions
  A howler monkey (D:5)
  3 hounds
  An orc priest (D:4)
  A sleepcap (D:5)
  Terence (D:3)
  2 orc wizards (D:4)
  An iguana (D:4)
  4 adders
  A white imp (D:5)
  2 worms (D:3)
  7 dart slugs
  17 orcs
  4 endoplasms
  4 giant cockroaches
  11 goblins
  4 hobgoblins
  4 jackals (D:1)
  2 quokkas (D:1)
  5 ball pythons
  7 bats
  4 frilled lizards
  12 kobolds
  6 rats
108 creatures vanquished.

Vanquished Creatures (others)
  An arcanist (D:5)
1 creature vanquished.

Grand Total: 109 creatures vanquished

Notes
Turn   | Place    | Note
-------+----------+-------------------------------------------
     0 | D:1      | Partyfoot the Demonspawn Fighter began the quest for the
                  | Orb.
     0 | D:1      | Reached XP level 1. HP: 18/18 MP: 1/1
    81 | D:1      | Discovered your monstrous ancestry.
    81 | D:1      | Gained mutation: You have a small tail. [demonic ancestry]
    81 | D:1      | Reached XP level 2. HP: 23/24 MP: 2/2
   520 | D:1      | Found a faded altar of an unknown god.
   520 | D:1      | Noticed an ice devil
   682 | D:1      | Reached XP level 3. HP: 28/29 MP: 3/3
  1197 | D:2      | Gained mutation: You have a tail ending in a sharp stinger.
                  | [demonic ancestry]
  1197 | D:2      | Reached XP level 4. HP: 35/35 MP: 4/4
  1381 | D:2      | Found a shimmering blue altar of Sif Muna.
  1648 | D:3      | Found a hazy altar of Hepliaklqana.
  2562 | D:3      | Found a blossoming altar of Fedhas.
  2562 | D:3      | Noticed Terence
  2570 | D:3      | Killed Terence
  2606 | D:4      | Found Ufyuq's Jewellery Emporium.
  2622 | D:3      | Reached XP level 5. HP: 35/42 MP: 5/5
  2675 | D:4      | Reached skill level 4 in Fighting
  2735 | D:4      | Noticed a water moccasin
  2761 | D:3      | Killed a water moccasin
  2762 | D:3      | Reached XP level 6. HP: 36/49 MP: 6/6
  3584 | D:4      | Found a burning altar of Makhleb.
  3586 | D:4      | Noticed a balrug
  3698 | D:5      | Entered Level 5 of the Dungeon
  3717 | D:5      | Gained mutation: You have a pair of small horns on your
                  | head. [demonic ancestry]
  3717 | D:5      | Reached XP level 7. HP: 53/55 MP: 7/7
  3904 | D:5      | Found a bloodstained altar of Trog.
  3906 | D:5      | Noticed an arcanist
  3911 | D:5      | Killed an arcanist
  3991 | D:5      | Noticed Sigmund
  4011 | D:5      | Killed Sigmund
  4012 | D:5      | Reached skill level 5 in Fighting
  4226 | D:5      | Found an ornate altar of the Wu Jian Council.
  4277 | D:5      | Noticed Blork the orc
  4288 | D:5      | Killed from afar by an orc priest

Illustrated notes

Levels and vault maps discovered:
D:1:      lemuel_arrival_tunnels, layout_loops_corners,
          dreamdust_ecumenical_altar_sealed_demon, minmay_box_of_dots
D:2:      layout_loops_ring, basic_altar, roderic_st_hans_cross
D:3:      layout_basic, mainiacjoe_overflow_alcove_1,
          mainiacjoe_overflow_boulevard, nicolae_titane, uniq_terence
D:4:      layout_layer_cave, makhleb_altar_promises_db, serial_shops,
          nicolae_shop_advertising_works [nicolae_subvault_shop_adworks],
          minmay_starry_boxes
D:5:      layout_gridville, trog_wizard, nicolae_overflow_hidden_temple,
          minmay_temple_entry_enclosed_plants, uniq_blork_the_orc, uniq_pikel,
          uniq_sigmund

Skill      XL: |  1  2  3  4  5  6  7 |
---------------+----------------------+-----
Maces & Flails | 2 3 4 |  4.3
Armour         | 3 4 |  4.7
Shields        | 3 4 |  4.7
Fighting       | 4 5 |  5.2

Action                     |  1- 3 |  4- 6 |  7- 9 || total
---------------------------+-------+-------+-------++-------
  Melee: Whip              |   105 |   189 |    39 ||   333
         Flail             |     2 |       |       ||     2
         Tailslap          |     4 |    16 |     6 ||    26
         Headbutt          |       |       |     8 ||     8
    Use: Scroll            |       |       |    11 ||    11
 Armour: Scale mail        |    26 |       |       ||    26
         Chain mail        |    38 |    14 |       ||    52
         Plate armour      |       |   108 |    46 ||   154
  Dodge: Dodged            |    40 |    39 |     3 ||    82
  Block: Buckler           |    25 |    85 |    18 ||   128
         Reflection        |     1 |     4 |       ||     5

Table legend: (Time is in decaauts)
 A = Elapsed time spent in this place.
 B = Non-inter-level travel time spent in this place.
 C = Inter-level travel time spent in this place.
 D = Time resting spent in this place.
 E = Time spent auto-exploring this place.
 F = Levels seen in this place.
 G = Mean time per level.
                   A        B        C        D        E       F      G
               +--------+--------+--------+--------+--------+-----+--------+
         Total |   4284 |   4043 |    241 |    350 |   2943 |   5 |  856.8 |
       Dungeon |   4284 |   4043 |    241 |    350 |   2943 |   5 |  856.8 |
               +--------+--------+--------+--------+--------+-----+--------+

Top non-repeatable levels by time:
     D:3: 1083 daAuts
     D:4: 1053 daAuts
     D:1: 1029 daAuts
     D:2: 601 daAuts
     D:5: 516 daAuts
